AoeStats
← Rieg0 ♛

Arabia

505513206Analyzed
1v1 RM · 22d ago on Sep 9, 2026· 35m 12s· 2 players
Game mode
Random Map
Map size
Tiny (2 player)
Population
200
Speed
Normal
Resources
Standard
Victory
Conquest
Starting age
Dark Age
Ending age
Imperial Age
RankedLock teamsTeams togetherTeam positionsShared explorationLock speedFull tech treeHidden civsTurbo modeCheats
Victory
Defeat
🇨🇷 Malians · Costa Rica
1057
+16
🇪🇸 Maya · Spain
1048
-16
Rieg0 ♛
9:43 Feudal Age
11:08 Double-Bit Axe
14:21 Gold Mining
15:25 Loom
23:42 Castle Age
22:08 Horse Collar
23:44 Crossbowman
24:18 Fletching
24:45 Pikeman
27:26 Scale Mail Armor
32:40 Squires
33:22 Bodkin Arrow
33:46 Chain Mail Armor
Tsuru 506
4:50 Loom
9:53 Feudal Age
11:11 Double-Bit Axe
11:08 Horse Collar
17:09 Town Watch
21:01 Wheelbarrow
23:55 Castle Age
22:37 Bloodlines
22:51 Gold Mining
23:16 Scale Barding Armor
23:22 Forging
25:05 Chain Barding Armor
28:48 Iron Casting
32:45 Husbandry
Connection lost

Rejoining the realm…

Still unreachable

The connection could not be restored.

Session expired

The server has moved on; the page needs a fresh start.